Map: Mist Opportunities

Players

ViS

  • Race: Zerg Zerg

Yuriprime

  • Race: Zerg Zerg
  • Spawn Location: 5:00

VOD

Have the link to the VOD?

Description

Time

  • Played on: Jan. 19, 2018, 9:05 p.m.
  • Length: 30:09
Show
View Real Time Build Order
Export as new Build Order

ViS Zerg 

Build Orders:  

Get SALT Encoding   

  18  0:03  Primal Drone  
  19  0:12  Primal Drone  
  19  0:18  Primal Drone  
  21  0:33  Extractor  
  21  0:56  Primal Drone, Primal Warden  
  23  1:05  Extractor  
  23  1:11  Primal Drone  
  23  1:19  Primal Drone  
  25  1:35  Primal Drone x2  
  27  1:43  Primal Drone  
  28  2:29  Glevig's Den  
  27  2:43  Primal Drone x2  
  27  2:44  Primal Drone x2  
  31  3:08  Primal Drone  
  33  3:27  Primal Drone, Primal Warden  
  34  4:03  Primal Drone x3  
  37  4:12  Murvar's Den  
  37  4:17  Primal Drone  
  37  4:58  Primal Drone x2  
  39  5:02  Primal Attacks Level 1  
  39  5:19  Primal Drone  
  40  5:48  Primal Drone  
  40  5:49  Primal Drone  
  42  6:37  Primal Swarm Host x8  
  42  6:38  Primal Swarm Host x2  
  72  7:00  Primal Swarm Host  
  75  7:48  Primal Swarm Host x3  
  84  7:50  Primal Zergling x4  
  92  8:00  Primal Wurm  
  92  8:01  Primal Wurm  
  92  8:06  Primal Wurm  
  92  8:07  Primal Wurm  
  92  8:34  Primal Swarm Host x2  
  92  8:37  Primal Zergling  
  92  8:38  Primal Zergling x3  
  100  9:02  Primal Wurm  
  99  9:27  Primal Swarm Host  
  99  9:28  Primal Swarm Host x2  
  99  9:29  Primal Zergling x3  
  88  10:37  Aerial Burst Sacs  
  88  11:13  Primal Hive  
  88  11:36  Primal Attacks Level 2  
  88  11:37  Primal Drone x5, Dakrun's Den  
  94  12:32  Primal Warden  
  94  12:38  Primal Warden  
  94  13:08  Primal Swarm Host x5  
  104  13:40  Primal Wurm  
  104  13:41  Primal Wurm  
  104  13:44  Primal Wurm  
  103  14:11  Primal Swarm Host  
  103  14:12  Primal Swarm Host x2  
  107  14:41  Primal Swarm Host  
  107  14:43  Primal Drone x4  
  107  14:44  Primal Drone x6  
  120  14:53  Primal Hive  
  118  15:17  Primal Attacks Level 3  
  118  15:19  Extractor  
  118  15:20  Primal Drone  
  118  15:28  Extractor  
  119  15:51  Primal Swarm Host  
  124  16:07  Primal Drone x3  
  124  16:08  Primal Wurm  
  127  16:11  Primal Drone  
  127  16:14  Primal Wurm  
  127  17:00  Primal Drone x4  
  127  17:01  Primal Drone x4  
  135  17:13  Primal Drone  
  135  17:15  Primal Carapace Level 1  
  135  17:18  Primal Swarm Host x3  
  145  18:19  Primal Drone x7  
  152  18:20  Primal Drone  
  152  18:21  Primal Drone  
  154  18:36  Primal Swarm Host x5  
  154  18:37  Primal Swarm Host x2  
  174  19:22  Primal Swarm Host  
  174  19:23  Primal Swarm Host x7  
  194  20:35  Primal Swarm Host x3  
  198  21:39  Primal Carapace Level 2  
  197  22:34  Primal Swarm Host  
  188  29:21  Primal Drone x2  
  188  29:22  Primal Drone x8  
Show
View Real Time Build Order
Export as new Build Order

Yuriprime Zerg 

Build Orders:  

Get SALT Encoding   

  12  0:05  Drone  
  13  0:18  Overlord  
  13  0:25  Drone  
  14  0:43  Drone x3  
  14  0:48  Extractor  
  16  1:06  Roach Warren  
  16  1:08  Drone  
  16  1:17  Drone  
  17  1:25  Drone x2  
  19  1:39  Roach  
  21  1:46  Extractor  
  20  2:00  Roach  
  20  2:04  Overlord  
  22  2:32  Lair  
  22  2:33  Drone  
  22  2:35  Drone  
  24  2:41  Drone  
  25  2:52  Roach  
  25  3:08  Roach  
  27  3:14  Brutalisk  
  27  4:01  Roach  
  27  4:23  Brutalisk  
  27  5:27  Roach  
  27  5:36  Overlord, Drone  
  27  5:37  Drone x2  
  27  5:38  Drone, Spire  
  30  5:40  Overlord x2  
  30  5:49  Brutalisk  
  30  6:01  Drone  
  30  6:02  Drone x3  
  30  6:07  Mutalisk  
  36  6:16  Mutalisk  
  38  6:24  Mutalisk  
  40  6:50  Mutalisk  
  40  7:18  Leviathan  
  40  7:36  Mutalisk x5  
  40  7:37  Mutalisk x2  
  54  7:43  Mutalisk x2  
  54  8:11  Leviathan x2  
  54  8:23  Spine Crawler  
  54  8:25  Spine Crawler x2  
  54  8:26  Spine Crawler  
  54  8:27  Spine Crawler  
  54  8:28  Spine Crawler x2  
  47  8:30  Spine Crawler x2  
  47  8:34  Spine Crawler  
  44  8:54  Mutalisk  
  44  8:55  Mutalisk x2  
  50  9:03  Spine Crawler  
  50  9:06  Spine Crawler  
  48  10:23  Overlord x2  
  48  10:24  Overlord x3  
  48  10:55  Drone  
  48  10:56  Drone x4  
  53  11:39  Drone  
  54  11:40  Drone x2  
  54  11:43  Drone  
  57  11:58  Hatchery  
  56  12:52  Drone  
  56  12:53  Drone x5  
  56  12:54  Drone x5  
  67  13:32  Drone  
  67  13:33  Drone x7  
  75  13:40  Extractor  
  75  13:42  Extractor  
  75  13:44  Drone  
  75  13:45  Drone x2  
  76  13:58  Drone  
  76  13:59  Drone  
  78  14:09  Drone x3  
  81  14:43  Infestation Pit  
  81  14:46  Drone x2  
  81  14:48  Overlord x4  
  81  14:49  Overlord x3  
  82  16:11  Hive  
  82  16:13  Rapid Regeneration  
  82  16:17  Mutalisk  
  82  16:18  Mutalisk x8  
  100  16:32  Evolution Chamber  
  99  16:55  Vicious Glave  
  99  16:56  Queen x2  
  99  17:08  Incubation Chamber  
  103  17:26  Queen x2  
  103  17:40  Bio-Mechanical Transfusion, Queen x2  
  107  17:58  Sundering Glave  
  111  19:08  Zerg Missile Weapons Level 1  
  111  19:22  Zerg Flyer Weapons Level 1  
  111  19:41  Mutalisk  
  111  19:42  Mutalisk x6  
  125  20:36  Mutalisk  
  125  20:37  Mutalisk x3  
  133  21:01  Zerg Missile Weapons Level 2  
  133  21:39  Zerg Flyer Weapons Level 2  
  133  22:04  Mutalisk  
  133  22:05  Mutalisk x2  
  133  22:09  Overlord  
  139  22:10  Overlord x9  
  139  22:11  Overlord x5  
  139  22:13  Pneumatized Carapace  
  139  22:38  Drone  
  139  22:39  Drone x5  
  145  22:49  Hatchery  
  144  22:50  Hatchery  
  143  23:13  Spine Crawler  
  142  23:22  Drone x2  
  142  23:23  Drone x8  
  142  23:26  Spine Crawler  
  142  23:27  Spine Crawler  
  142  23:29  Spine Crawler  
  149  23:32  Spine Crawler  
  149  23:33  Spine Crawler  
  149  23:35  Spine Crawler  
  149  23:37  Spine Crawler  
  149  23:38  Spine Crawler  
  144  23:45  Drone  
  144  23:46  Drone x9  
  154  23:55  Zerg Missile Weapons Level 3  
  154  23:56  Zerg Flyer Weapons Level 3  
  154  24:33  Spine Crawler  
  154  24:35  Drone  
  154  24:36  Drone x8, Spine Crawler  
  154  24:37  Drone x7, Spine Crawler  
  154  24:39  Spine Crawler  
  166  25:30  Spine Crawler  
  166  25:31  Spine Crawler  
  166  25:33  Spine Crawler  
  166  25:34  Spine Crawler x3  
  166  25:36  Spine Crawler x2  
  166  25:37  Spine Crawler  
  166  25:38  Spine Crawler x2  
  155  26:04  Spine Crawler  
  155  26:06  Spine Crawler x3  
  155  26:08  Spine Crawler  
  155  26:09  Spine Crawler  
  146  27:43  Mutalisk  
  146  27:44  Mutalisk x19  
  146  27:45  Mutalisk  
Tags
 
Add a new tag
Caveats
  • Supply blocks, unpowered buildings, or Contaminate may cause inaccurate times.
  • Supply counts are checked every 10 seconds.